 Dungeon Crawl Stone Soup version 0.25.0-11-g1f837a76a1 (webtiles) character file.

Game seed: 2969593268515703651

95 Delamore the Cudgeler (level 4, -2/29 HPs)
             Began as a Gargoyle Fighter on June 25, 2020.
             Was a Believer of Elyvilon.
             Killed by nerve-wracking pain
             ... invoked by Grinder
              (7 damage)
             ... on level 4 of the Dungeon.
             The game lasted 00:03:00 (2753 turns).

Delamore the Cudgeler (Gargoyle Fighter)            Turns: 2753, Time: 00:03:01

Health: -2/29      AC: 12    Str: 27    XL:     4   Next: 66%
Magic:  2/4        EV:  7    Int:  8    God:    Elyvilon [**....]
Gold:   165        SH:  9    Dex:  9    Spells: 3/3 levels left

rFire    . . .     SeeInvis .   v - -3 mace (curse)
rCold    . . .     Gourm    .   c - +0 kite shield
rNeg     + . .     Faith    .   b - +1 scale mail
rPois    ∞         Spirit   .   m - +0 helmet (curse)
rElec    +         Reflect  .   (no cloak)
rCorr    .         Harm     .   (no gloves)
MR       .....                  (no boots)
Stlth    ..........             (no amulet)
HPRegen  0.09/turn              g - +6 ring of strength
MPRegen  0.09/turn              (no ring)

@: no status effects
A: negative energy resistance 1, electricity resistance, unbreathing,
petrification resistance, rot immunity, AC +3
a: Lesser Healing, Heal Other, Divine Protection, Renounce Religion


You were on level 4 of the Dungeon.
You worshipped Elyvilon.
Elyvilon was pleased with you.
You were hungry.

You visited 1 branch of the dungeon, and saw 4 of its levels.

You collected 165 gold pieces.

Inventory:

Hand Weapons
 a - a +0 flail
 k - a +1 whip
 v - a cursed -3 mace (weapon)
Missiles
 u - 4 curare-tipped darts (quivered)
Armour
 b - a +1 scale mail (worn)
 c - a +0 kite shield (worn)
 m - a cursed +0 helmet (worn)
Jewellery
 g - a +6 ring of strength (left hand)
 j - an uncursed ring of ice
Wands
 p - a wand of digging (6)
Scrolls
 e - 4 scrolls of identify
 l - a scroll of enchant armour
 o - a scroll of teleportation
Potions
 d - a potion of might
 i - 2 potions of ambrosia {unknown}
 n - a potion of stabbing {unknown}
 t - a potion of magic
Comestibles
 f - 11 rations


   Skills:
 + Level 4.0 Fighting
 + Level 4.2 Maces & Flails
 - Level 3.2 Armour
 - Level 3.2 Shields


You had 3 spell levels left.
You didn't know any spells.
Your spell library was empty.

Dungeon Overview and Level Annotations

Branches:
Dungeon (4/15)
 Temple: D:4-7

Altars:
Elyvilon
Fedhas
Ru
Zin

Annotations:
D:4 Grinder


Innate Abilities, Weirdness & Mutations

You are resistant to torment.
Your stone body is resilient. (AC +3)
You are immune to poison.
You resist negative energy. (rN+)
You are resistant to electric shocks. (rElec)
You can survive without breathing.
You are immune to petrification.
You are immune to rotting.


Message History

Grinder is severely wounded.
You block Grinder's attack.
You barely miss Grinder.
Grinder is severely wounded.
You block Grinder's attack. Grinder hits you but does no damage.
You hit Grinder.
Grinder is severely wounded.
You block Grinder's attack.
You barely miss Grinder.
Grinder is severely wounded.
Grinder hits you!
You writhe in agony.
You closely miss Grinder.
Grinder is severely wounded.
Grinder hits you.
* * * LOW HITPOINT WARNING * * *
You writhe in agony.
* * * LOW HITPOINT WARNING * * *
Grinder gestures at you. Pain shoots through your body!
You die...

#########
#.......##+###
#............#
+........@...#
##########5..#
##...# #....#
#....# ##...#
#...# ##...#
#....#


You could see Grinder.

Vanquished Creatures
  3 adders
  A worm (D:3)
  2 dart slugs
  2 leopard geckos
  An orc (D:3)
  A ball python (D:1)
  2 giant cockroaches (D:3)
  7 goblins
  5 hobgoblins
  6 jackals (D:1)
  8 kobolds
  A quokka (D:2)
  8 bats
  3 frilled lizards
  6 rats
56 creatures vanquished.

Notes
Turn   | Place    | Note
-------+----------+-------------------------------------------
     0 | D:1      | Delamore the Gargoyle Fighter began the quest for the Orb.
     0 | D:1      | Reached XP level 1. HP: 14/14 MP: 1/1
   415 | D:1      | Reached XP level 2. HP: 19/19 MP: 2/2
   829 | D:1      | Reached XP level 3. HP: 23/23 MP: 3/3
  1500 | D:2      | Found a faded altar of an unknown god.
  1516 | D:2      | Reached XP level 4. HP: 26/29 MP: 4/4
  1524 | D:2      | Became a worshipper of Elyvilon the Healer
  1524 | D:2      | Reached * piety under Elyvilon
  2056 | D:3      | Found a blossoming altar of Fedhas.
  2062 | D:3      | Found a sacrificial altar of Ru.
  2185 | D:3      | Reached ** piety under Elyvilon
  2493 | D:3      | Found a glowing silver altar of Zin.
  2710 | D:4      | Noticed Grinder
  2753 | D:4      | Killed from afar by Grinder

Illustrated notes

Levels and vault maps discovered:
D:1:      dpeg_arrival_shrine, layout_basic
D:2:      layout_loops_ring, chequers_ecumenical_altar_simple,
          minmay_crystal_room, kennysheep_another_room
D:3:      layout_loops_corners, grunt_temple_overflow_open, marbit_many_paths
D:4:      layout_gridville, fedhas_bush_and_centaur_altar, uniq_grinder,
          uniq_blork_the_orc

Skill      XL: |  1  2  3  4 |
---------------+-------------+-----
Maces & Flails | 3 4 |  4.2
Fighting       | 4 |  4.0
Armour         | |  3.2
Shields        | |  3.2

Action                   |  1- 3 |  4- 6 || total
-------------------------+-------+-------++-------
Melee: Flail             |    92 |       ||    92
       Whip              |    49 |    34 ||    83
       Mace              |       |    62 ||    62
Invok: Lesser Healing    |       |     3 ||     3
  Use: Scroll            |       |     6 ||     6
  Eat: Chunk             |     2 |     4 ||     6
Armor: Scale mail        |   115 |    39 ||   154
Dodge: Dodged            |    56 |    11 ||    67
Block: Kite shield       |    92 |    52 ||   144
